 Dungeon Crawl Stone Soup version bcrawl-1.27.6 (webtiles) character file.

Game seed: 325474393766627045

85796 DogServant the Scratcher (level 3, 0/18 HPs)
             Began as a Felid Transmuter on Oct 6, 2020.
             Was an Initiate of Ru.
             Slain by a worm (9 damage)
             ... on level 2 of the Dungeon.
             The game lasted 00:02:47 (2225 turns).

DogServant the Scratcher (Felid Transmuter)         Turns: 2225, Time: 00:02:48

Health: 0/18       AC:  1    Str:  6    XL:     3   Next: 70%
Magic:  6/7        EV: 19    Int: 14    God:    Ru [......]
Gold:   53         SH:  0    Dex: 17    Spells: 5/6 levels left
                                        Lives:  0   Deaths: 0

rFire    . . .     SeeInvis +     - Teeth and claws (7.7)
rCold    . . .     Gourm    .   (shield unavailable)
rNeg     . . .     Faith    .   (armour unavailable)
rPois    .         Spirit   .   (helmet unavailable)
rElec    .         Reflect  .   (cloak restricted)
rCorr    +         Harm     .   (gloves unavailable)
MR       .....                  (boots unavailable)
Stlth    ++........             (no amulet)
HPRegen  0.06/turn              f - ring of resist corrosion
MPRegen  0.10/turn              (no ring)

@: appendage, quick
A: very small, no armour, no weapons or thrown items, stealth, claws 1, fangs 3,
horns 3, see invisible, carnivore, speed 1, shaggy fur 1, slow metabolism 1,
sharp paws
a: End Transformation, Renounce Religion


You were on level 2 of the Dungeon.
You worshipped Ru.
Ru was noncommittal.
You were completely stuffed.
You had grown temporary horns.
You visited 1 branch of the dungeon, and saw 2 of its levels.

You collected 53 gold pieces.

Inventory:

Missiles
 a - 120 arrows
Jewellery
 f - a ring of resist corrosion (left paw)
Scrolls
 b - 2 scrolls of enchant weapon {unknown}
 d - a scroll of remove curse {unknown}
 g - a scroll of immolation {unknown}
Potions
 c - a potion of lignification
 h - 2 potions of berserk rage {unknown}
 i - a potion of degeneration {unknown}
 k - a potion of cancellation {unknown}
Comestibles
 e - 3 rations {!d}
 j - 5 chunks of flesh


   Skills:
 - Level 1.0 Fighting
 + Level 3.8 Dodging
 + Level 4.3 Unarmed Combat
 - Level 2.4 Spellcasting
 + Level 2.7 Transmutations


You had 5 spell levels left.
You knew the following spells:

 Your Spells              Type           Power        Failure   Level  Hunger
a - Beastly Appendage     Tmut           #.....       8%          1    None

Your spell library contained the following spells:

 Spells                   Type           Power        Failure   Level  Hunger
 Sticks to Snakes         Tmut           #.......     12%         2    ##.....
 Passwall                 Tmut/Erth      #.......     21%         2    ##.....
 Spider Form              Tmut/Pois      #..          36%         3    ####...
 Ice Form                 Ice/Tmut       #.......     78%         4    ######.
 Blade Hands              Tmut           #.........   91%         5    #######


Dungeon Overview and Level Annotations

Branches:
Dungeon (2/12)

Altars:
Ru

Annotations:
D:2 Robin


Innate Abilities, Weirdness & Mutations

You cannot wear almost all types of armour.
You are incapable of wielding weapons or throwing items.
Your paws allow you to move quietly. (Stealth)
You have sharp claws.
You have razor-sharp teeth.
You have supernaturally acute eyesight. (SInv)
You are carnivorous and can eat meat at any time.
You cover ground quickly.
You are covered in fur. (AC +1)
You have a slow metabolism.
Your sharp claws are effective at attacking unaware monsters.
You have a pair of large horns on your head.


Message History

Robin roars a battlecry!
The goblins go into a battle-frenzy!
You hear a shout!
The goblin shouts!
A worm comes into view.
Casting: Beastly Appendage (safe; 8% risk of failure)
Confirm with . or Enter, or press ? or * to list all spells.
You grow a pair of large bovine horns.
There is an escape hatch in the ceiling here.
You scratch the worm but do no damage. You scratch the worm. You bite the worm.
The worm is moderately wounded.
The worm bites you!
Ouch! That really hurt!
You barely miss the worm.
The worm is moderately wounded.
You barely miss the worm.
The worm is moderately wounded.
The worm bites you!
Ouch! That really hurt!
You die...

#. +#######'.# #. #....#
#. ####.. #. #####) #.
#############.....
...#.#.##..........##.....
..>.......................
..##.#.##w.........##.....
#. #@.........##....#
#.##..........##....#
#g#...........##....#
#g#...........#......
#g#....########......
#g#....# #...... #....#
#...... #######....#
###.... #..........#


You could see a worm.

Vanquished Creatures
  A gnoll (D:2)
  2 oozes
  A worm (D:2)
  A leopard gecko (D:1)
  4 giant cockroaches
  7 goblins
  6 hobgoblins
  A ball python (D:2)
  5 bats
  6 kobolds
  5 rats (D:1)
39 creatures vanquished.

Notes
Turn   | Place    | Note
-------+----------+-------------------------------------------
     0 | D:1      | DogServant the Felid Transmuter began the quest for the
                  | Orb.
     0 | D:1      | Reached XP level 1. HP: 10/10 MP: 4/4
   175 | D:1      | Reached XP level 2. HP: 14/14 MP: 6/6
   610 | D:1      | Reached skill level 4 in Unarmed Combat
  1769 | D:2      | Found a sacrificial altar of Ru.
  1769 | D:2      | Reached XP level 3. HP: 18/18 MP: 7/7
  1787 | D:2      | Became a worshipper of Ru the Awakened
  2210 | D:2      | Noticed Robin
  2225 | D:2      | Slain by a worm

Skill      XL: |  1  2 |
---------------+-------+-----
Dodging        | 3 |  3.8
Unarmed Combat | 4 |  4.3
Fighting       | |  1.0
Spellcasting   | |  2.4
Transmutations | |  2.7

Action                   || total
-------------------------++-------
Melee: Unarmed           ||   122
       Bite              ||    15
       Headbutt          ||     8
       Punch             ||     2
 Cast: Beastly Appendage ||    17
 Stab: Sleeping          ||     3
       Invisible         ||     1
       Paralysed         ||     1
  Eat: Chunk             ||    12
Armor: Skin              ||     2
Dodge: Dodged            ||    87
